SA
LEVITTOWN BLUE DRAGONS @ BELLEVILLE BULLS
06/02/2042
 
TOP OF THE 1ST
Levittown Blue Dragons batting - Pitching for Belleville Bulls : RHP Mark Wells
Pitching: RHP Mark Wells
Batting: LHB Josh Hall 0-0: Called Strike
0-1: Ball
1-1: Ground out 6-3 (Groundball, 6, EV 81.9 MPH)
Batting: LHB Ernesto Valenzuela 0-0: Fly out, F9 (Flyball, 89S, EV 92.5 MPH)
Batting: RHB Ramón Gabriel 0-0: Called Strike
0-1: SINGLE (Groundball, 6D, EV 103.8 MPH)
Batting: LHB Rafael Soto 0-0: Ball
1-0: Swinging Strike
1-1: Ball
2-1: SINGLE (Groundball, 6MD, EV 96.2 MPH)
Ramón Gabriel to second
Runner from 2nd tries for 3rd, OUT! 8-5
Top of the 1st over - 0 runs, 2 hits, 0 errors, 1 left on base; Levittown 0 - Belleville 0
BOTTOM OF THE 1ST
Belleville Bulls batting - Pitching for Levittown Blue Dragons : RHP Luiz Palmeiro
Pitching: RHP Luiz Palmeiro
Batting: SHB Russ King 0-0: Called Strike
0-1: Swinging Strike
0-2: Ball
1-2: Ball
2-2: Ball
3-2: Base on Balls
Batting: LHB Maikel Nelis 0-0: Ball
1-0: Foul Ball, location: 2F
1-1: Ball
2-1: Ball
Russ King is caught stealing 2nd base 2-6
3-1: SINGLE (Line Drive, 6D, EV 100.6 MPH)
Batting: SHB Kenny Dixon 0-0: Fly out, F8 (Line Drive, 8LD, EV 95.0 MPH)
Batting: LHB Juan Romero 0-0: Called Strike
0-1: Ball
1-1: Ball
2-1: Ball
3-1: SINGLE (Line Drive, 3D, EV 100.0 MPH)
Maikel Nelis to second
Runner from 2nd tries for 3rd, SAFE, no throw by RF
Batting: SHB Ed Reese 0-0: Swinging Strike
0-1: Ball
1-1: Swinging Strike
1-2: Strikes out swinging
Bottom of the 1st over - 0 runs, 2 hits, 0 errors, 2 left on base; Levittown 0 - Belleville 0
TOP OF THE 2ND
Levittown Blue Dragons batting - Pitching for Belleville Bulls : RHP Mark Wells
Batting: RHB Frans Lissenberg 0-0: Called Strike
0-1: Ball
1-1: Fly out, F8 (Flyball, 8RD, EV 84.4 MPH)
Batting: LHB Norm Williams 0-0: Fly out, F5 (Line Drive, 5, EV 73.8 MPH)
Batting: RHB Aaron Attyte 0-0: Foul Ball, location: 2F
0-1: Ball
1-1: Foul Ball, location: 2F
1-2: Strikes out swinging
Top of the 2nd over - 0 runs, 0 hits, 0 errors, 0 left on base; Levittown 0 - Belleville 0
BOTTOM OF THE 2ND
Belleville Bulls batting - Pitching for Levittown Blue Dragons : RHP Luiz Palmeiro
Batting: LHB Román Ramos 0-0: Called Strike
0-1: Ball
1-1: Ground out 4-3 (Groundball, 4, EV 99.4 MPH)
Batting: SHB Geoffrey Richardson 0-0: Called Strike
0-1: Foul Ball, location: 2F
0-2: Ground out 4-3 (Groundball, 34, EV 107.5 MPH)
Batting: LHB Steve Burnett 0-0: Foul Ball, location: 2F
0-1: Ball
1-1: Ball
2-1: Called Strike
2-2: Strikes out swinging
Bottom of the 2nd over - 0 runs, 0 hits, 0 errors, 0 left on base; Levittown 0 - Belleville 0
TOP OF THE 3RD
Levittown Blue Dragons batting - Pitching for Belleville Bulls : RHP Mark Wells
Batting: SHB Luis Miguel Garza 0-0: SINGLE (Line Drive, 56D, EV 96.9 MPH)
Batting: SHB Daniel Washington 0-0: Foul Ball, location: 2F
0-1: Foul Ball, location: 2F
0-2: Strikes out swinging
Batting: LHB Josh Hall 0-0: Ball
1-0: Foul Ball, location: 2F
1-1: Ball
2-1: Ball
3-1: Called Strike
3-2: Fielders Choice at 2nd, 3-6 (Groundball, 3, EV 99.4 MPH)
Batting: LHB Ernesto Valenzuela 0-0: Ball
Josh Hall steals 2nd, throwing error, E2
Josh Hall to third
1-0: Ball
2-0: Ball
3-0: Base on Balls
Batting: RHB Ramón Gabriel 0-0: Called Strike
0-1: Ball
1-1: Ball
2-1: Fly out, F9 (Line Drive, 9D, EV 86.2 MPH)
Top of the 3rd over - 0 runs, 1 hit, 1 error, 2 left on base; Levittown 0 - Belleville 0
BOTTOM OF THE 3RD
Belleville Bulls batting - Pitching for Levittown Blue Dragons : RHP Luiz Palmeiro
Batting: LHB Abdul-Alim Nadeem 0-0: Ball
1-0: Called Strike
1-1: Foul Ball, location: 2F
1-2: Ball
2-2: Foul Ball, location: 2F
2-2: Strikes out swinging
Batting: SHB Russ King 0-0: Ball
1-0: Ball
2-0: Ball
3-0: Called Strike
3-1: Foul Ball, location: 2F
3-2: Base on Balls
Batting: LHB Maikel Nelis 0-0: Ball
1-0: Ball
2-0: Ball
3-0: Called Strike
3-1: Base on Balls
Russ King to second
Batting: SHB Kenny Dixon 0-0: Ball
1-0: Foul Ball, location: 2F
1-1: Swinging Strike
1-2: Ball
2-2: SINGLE (Groundball, 34D, EV 98.1 MPH)
Russ King to third
Maikel Nelis to second
Runner from 3rd tries for Home, SAFE, no throw by RF
Batting: LHB Juan Romero 0-0: Ball
1-0: Called Strike
1-1: Called Strike
1-2: Ball
2-2: Strikes out swinging
Batting: SHB Ed Reese 0-0: SINGLE (Groundball, 56D, EV 98.8 MPH)
Maikel Nelis to third
Kenny Dixon to second
Runner from 3rd tries for Home, SAFE, no throw by LF
Batting: LHB Román Ramos 0-0: Foul Ball, location: 2F
0-1: Ball
1-1: Swinging Strike
1-2: Ball
2-2: Foul Ball, location: 2F
2-2: Strikes out swinging
Bottom of the 3rd over - 2 runs, 2 hits, 0 errors, 2 left on base; Levittown 0 - Belleville 2
TOP OF THE 4TH
Levittown Blue Dragons batting - Pitching for Belleville Bulls : RHP Mark Wells
Batting: LHB Rafael Soto 0-0: Called Strike
0-1: Swinging Strike
0-2: Fly out, F7 (Flyball, 78D, EV 101.2 MPH)
Batting: RHB Frans Lissenberg 0-0: Called Strike
0-1: Foul Ball, location: 2F
0-2: Ball
1-2: Hit by Pitch
Batting: LHB Norm Williams 0-0: Called Strike
0-1: Ball
1-1: Ball
2-1: Foul Ball, location: 2F
2-2: Ball
3-2: Strikes out swinging
Batting: RHB Aaron Attyte 0-0: Called Strike
0-1: Ground out 4-3 (Groundball, 4, EV 80.6 MPH)
Top of the 4th over - 0 runs, 0 hits, 0 errors, 1 left on base; Levittown 0 - Belleville 2
BOTTOM OF THE 4TH
Belleville Bulls batting - Pitching for Levittown Blue Dragons : RHP Luiz Palmeiro
Batting: SHB Geoffrey Richardson 0-0: Foul Ball, location: 2F
0-1: Ball
1-1: Ball
2-1: Ball
3-1: Ground out 4-3 (Groundball, 34D, EV 105.0 MPH)
Batting: LHB Steve Burnett 0-0: Called Strike
0-1: Ball
1-1: Swinging Strike
1-2: Foul Ball, location: 2F
1-2: Ball
2-2: Strikes out swinging
Batting: LHB Abdul-Alim Nadeem 0-0: Swinging Strike
0-1: Swinging Strike
0-2: Ball
1-2: Strikes out swinging
Bottom of the 4th over - 0 runs, 0 hits, 0 errors, 0 left on base; Levittown 0 - Belleville 2
TOP OF THE 5TH
Levittown Blue Dragons batting - Pitching for Belleville Bulls : RHP Mark Wells
Batting: SHB Luis Miguel Garza 0-0: Called Strike
0-1: Called Strike
0-2: Ball
1-2: Strikes out looking
Batting: SHB Daniel Washington 0-0: Called Strike
0-1: Swinging Strike
0-2: Strikes out swinging
Batting: LHB Josh Hall 0-0: Ball
1-0: Swinging Strike
1-1: Ball
2-1: Foul Ball, location: 2F
2-2: Foul Ball, location: 2F
2-2: Foul Ball, location: 2F
2-2: Ball
3-2: Ground out 5-3 (Groundball, 56S, EV 68.1 MPH)
Top of the 5th over - 0 runs, 0 hits, 0 errors, 0 left on base; Levittown 0 - Belleville 2
BOTTOM OF THE 5TH
Belleville Bulls batting - Pitching for Levittown Blue Dragons : RHP Luiz Palmeiro
Batting: SHB Russ King 0-0: Ball
1-0: Foul Ball, location: 2F
1-1: Foul Ball, location: 2F
1-2: Ball
2-2: Ball
3-2: Strikes out looking
Batting: LHB Maikel Nelis 0-0: Swinging Strike
0-1: Foul Ball, location: 2F
0-2: Ball
1-2: Foul Ball, location: 2F
1-2: Foul Ball, location: 2F
1-2: Ball
2-2: Foul Ball, location: 2F
2-2: Ball
3-2: Foul Ball, location: 2F
3-2: Base on Balls
Batting: SHB Kenny Dixon 0-0: Ball
1-0: Ball
2-0: Called Strike
2-1: Foul Ball, location: 2F
2-2: Foul Ball, location: 2F
2-2: Foul Ball, location: 2F
2-2: Strikes out swinging
Batting: LHB Juan Romero 0-0: Ball
1-0: Ball
2-0: Called Strike
2-1: Called Strike
2-2: Foul Ball, location: 2F
2-2: Foul Ball, location: 2F
2-2: Fly out, F2 (Popup, 25F, EV 85.0 MPH)
Bottom of the 5th over - 0 runs, 0 hits, 0 errors, 1 left on base; Levittown 0 - Belleville 2
TOP OF THE 6TH
Levittown Blue Dragons batting - Pitching for Belleville Bulls : RHP Mark Wells
Batting: LHB Ernesto Valenzuela 0-0: Called Strike
0-1: Ball
1-1: Ball
2-1: Foul Ball, location: 2F
2-2: Strikes out looking
Batting: RHB Ramón Gabriel 0-0: SINGLE (Flyball, 8LS, EV 84.4 MPH)
Batting: LHB Rafael Soto 0-0: Ball
1-0: Ball
2-0: Called Strike
2-1: Foul Ball, location: 2F
2-2: Foul Ball, location: 2F
2-2: Foul Ball, location: 2F
2-2: Foul Ball, location: 2F
2-2: Ball
3-2: Fly out, F8 (Flyball, 78S, EV 90.6 MPH)
Batting: RHB Frans Lissenberg 0-0: Called Strike
0-1: Ball
1-1: Foul Ball, location: 2F
1-2: Strikes out looking
Top of the 6th over - 0 runs, 1 hit, 0 errors, 1 left on base; Levittown 0 - Belleville 2
BOTTOM OF THE 6TH
Belleville Bulls batting - Pitching for Levittown Blue Dragons : RHP Luiz Palmeiro
Pitching: RHP Rafael Ramos
Batting: SHB Ed Reese 0-0: Foul Ball, location: 2F
0-1: Called Strike
0-2: Foul Ball, location: 2F
0-2: Ball
1-2: Foul Ball, location: 2F
1-2: Fly out, F7 (Flyball, 7, EV 90.6 MPH)
Batting: LHB Román Ramos 0-0: Ball
1-0: Ball
2-0: Called Strike
2-1: Ball
3-1: Base on Balls
Batting: SHB Geoffrey Richardson 0-0: Ball
1-0: Called Strike
1-1: Called Strike
1-2: Strikes out swinging
Batting: LHB Steve Burnett 0-0: Called Strike
0-1: Ball
1-1: Called Strike
1-2: Ball
2-2: Ball
3-2: Base on Balls
Román Ramos to second
Batting: LHB Abdul-Alim Nadeem 0-0: Ball
1-0: SINGLE (Groundball, 4MD, EV 98.8 MPH)
Román Ramos to third
Steve Burnett to second
Runner from 3rd tries for Home, SAFE, throw by CF to home
Batting: SHB Russ King 0-0: Ball
1-0: Foul Ball, location: 2F
1-1: SINGLE (Line Drive, 8LM, EV 104.4 MPH)
Steve Burnett to third
Abdul-Alim Nadeem to second
Runner from 3rd tries for Home, SAFE, no throw by CF
Batting: LHB Maikel Nelis 0-0: Ball
1-0: Called Strike
1-1: Ball
2-1: Foul Ball, location: 2F
2-2: Ball
3-2: Base on Balls
Abdul-Alim Nadeem to third
Russ King to second
Batting: SHB Kenny Dixon 0-0: Called Strike
0-1: Ball
1-1: Called Strike
1-2: Foul Ball, location: 2F
1-2: Strikes out looking
Bottom of the 6th over - 2 runs, 2 hits, 0 errors, 3 left on base; Levittown 0 - Belleville 4
TOP OF THE 7TH
Levittown Blue Dragons batting - Pitching for Belleville Bulls : RHP Mark Wells
Batting: LHB Norm Williams 0-0: Ball
1-0: Ball
2-0: Foul Ball, location: 2F
2-1: Ball
3-1: Foul Ball, location: 2F
3-2: Fly out, F6 (Line Drive, 6, EV 73.8 MPH)
Batting: RHB Aaron Attyte 0-0: Ball
1-0: Called Strike
1-1: Fly out, F8 (Flyball, 8RM, EV 83.1 MPH)
Batting: SHB Luis Miguel Garza 0-0: Called Strike
0-1: Called Strike
0-2: Ball
1-2: Strikes out swinging
Top of the 7th over - 0 runs, 0 hits, 0 errors, 0 left on base; Levittown 0 - Belleville 4
BOTTOM OF THE 7TH
Belleville Bulls batting - Pitching for Levittown Blue Dragons : RHP Rafael Ramos
Batting: LHB Juan Romero 0-0: Foul Ball, location: 2F
0-1: Called Strike
0-2: Ball
1-2: Ball
2-2: Ball
3-2: Foul Ball, location: 2F
3-2: Base on Balls
Pitching: RHP Shawn Adams
Batting: SHB Ed Reese 0-0: Called Strike
0-1: Ball
1-1: Ball
2-1: Foul Ball, location: 2F
2-2: Foul Ball, location: 2F
2-2: Foul Ball, location: 2F
2-2: Strikes out swinging
Batting: LHB Román Ramos 0-0: Called Strike
0-1: Foul Ball, location: 2F
0-2: Foul Ball, location: 2F
0-2: Strikes out looking
Batting: SHB Geoffrey Richardson 0-0: Ball
1-0: Ball
2-0: Called Strike
2-1: Fielders Choice at 2nd, 6-4 (Groundball, 6, EV 85.6 MPH)
Bottom of the 7th over - 0 runs, 0 hits, 0 errors, 1 left on base; Levittown 0 - Belleville 4
TOP OF THE 8TH
Levittown Blue Dragons batting - Pitching for Belleville Bulls : RHP Mark Wells
Now at 2B: Arthur Hall
Now in RF: Tsugumichi Sato
Batting: SHB Daniel Washington 0-0: Ball
1-0: Ball
2-0: Foul Ball, location: 2F
2-1: Swinging Strike
2-2: Strikes out swinging
Batting: LHB Josh Hall 0-0: Called Strike
0-1: Ball
1-1: Swinging Strike
1-2: Ball
2-2: Foul Ball, location: 2F
2-2: Ball
3-2: Ground out 5-3 (Groundball, 5, EV 88.1 MPH)
Batting: LHB Ernesto Valenzuela 0-0: Called Strike
0-1: Ball
1-1: Ground out 4-3 (Groundball, 4, EV 103.1 MPH)
Top of the 8th over - 0 runs, 0 hits, 0 errors, 0 left on base; Levittown 0 - Belleville 4
BOTTOM OF THE 8TH
Belleville Bulls batting - Pitching for Levittown Blue Dragons : RHP Shawn Adams
Batting: LHB Steve Burnett 0-0: Ball
1-0: Ball
2-0: Ball
3-0: Base on Balls
Pitching: LHP Jing-sheng Bian
Batting: LHB Abdul-Alim Nadeem 0-0: Called Strike
0-1: Sac Bunt to 15 - play at first, batter OUT! 1-3
Steve Burnett to second
Batting: SHB Russ King 0-0: 2-RUN HOME RUN (Flyball, 78XD, EV 100.0 MPH), Distance : 420 ft
Batting: LHB Maikel Nelis 0-0: Called Strike
0-1: Swinging Strike
0-2: Foul Ball, location: 2F
0-2: Ball
1-2: Ball
2-2: Foul Ball, location: 2F
2-2: Ball
3-2: SINGLE (Groundball, 4MD, EV 106.2 MPH)
Batting: SHB Kenny Dixon 0-0: Called Strike
0-1: Ball
1-1: Ball
2-1: Foul Ball, location: 2F
2-2: Ball
Maikel Nelis steals 2nd base
3-2: Foul Ball, location: 2F
3-2: Foul Ball, location: 2F
3-2: Foul Ball, location: 2F
3-2: Strikes out looking
Batting: LHB Juan Romero 0-0: Ball
1-0: Foul Ball, location: 2F
1-1: Swinging Strike
1-2: Ball
2-2: SINGLE (Groundball, 34D, EV 95.0 MPH)
Maikel Nelis to third
Runner from 3rd tries for Home, SAFE, throw by RF to home
Batting: SHB Ed Reese 0-0: Called Strike
0-1: Ball
1-1: Ball
2-1: Foul Ball, location: 2F
2-2: Ball
3-2: Base on Balls
Juan Romero to second
Batting: RHB Arthur Hall 0-0: Called Strike
0-1: Ball
1-1: Ball
2-1: Called Strike
2-2: Ball
3-2: Strikes out swinging
Bottom of the 8th over - 3 runs, 3 hits, 0 errors, 2 left on base; Levittown 0 - Belleville 7
TOP OF THE 9TH
Levittown Blue Dragons batting - Pitching for Belleville Bulls : RHP Mark Wells
Pinch Hitting: RHB Abednego Ashpenaz 0-0: Ball
1-0: Called Strike
1-1: Ball
2-1: Called Strike
2-2: Strikes out swinging
Pitching: RHP Emílio Carvajal
Batting: LHB Rafael Soto 0-0: Ball
1-0: Fly out, F5 (Popup, 25, EV 88.1 MPH)
Pinch Hitting: RHB Rick Walker 0-0: Ground out 6-3 (Groundball, 6, EV 76.9 MPH)
Top of the 9th over - 0 runs, 0 hits, 0 errors, 0 left on base; Levittown 0 - Belleville 7
Friday, March 26th, 2021 - OOTP Baseball 20.8 Build 74